 Dungeon Crawl Stone Soup version 0.30-a0-862-g1aabd4f9c5 (webtiles) character file.

Game seed: 1685710575776646868

468 NinjaNoafa the Cleaver (level 7, -3/54 HPs)
             Began as a Hill Orc Fighter on Mar 8, 2023.
             Was a Follower of Hepliaklqana.
             Slain by a gnoll
             ... wielding a +0 spear
             ... led by a gnoll bouda
              (7 damage)
             ... on level 4 of the Dungeon.
             The game lasted 00:08:27 (3400 turns).

NinjaNoafa the Cleaver (Hill Orc Fighter)           Turns: 3400, Time: 00:08:28

Health: -3/54      AC:  8    Str: 21    XL:     7   Next: 8%
Magic:  7/7        EV:  9    Int: 14    God:    Hepliaklqana [*.....]
Gold:   134        SH:  4    Dex: 10    Spells: 6/6 levels left

rFire   . . .      SeeInvis .    a - +0 war axe
rCold   . . .      Faith    .    c - +0 buckler
rNeg    . . .      Spirit   .    b - +0 scale mail
rPois   .          Reflect  .    e - +0 helmet
rElec   .          Rampage  .    (no cloak)
rCorr   .                        (no gloves)
Will    .....                    (no boots) Stlth
                                 (no amulet)
HPRegen 0.29/turn                n - +6 ring of intelligence
MPRegen 0.10/turn                (no ring)

@: mighty
A: reduced essence
a: Renounce Religion, Recall Ancestor, Ancestor Identity


You were on level 4 of the Dungeon.
You worshipped Hepliaklqana.
Hepliaklqana was aware of your devotion.
You visited 1 branch of the dungeon, and saw 4 of its levels.

You collected 134 gold pieces.

Inventory:

Hand Weapons
 a - a +0 war axe (weapon)
Missiles
 s - a boomerang (quivered)
 u - 5 poisoned darts
Armour
 b - a +0 scale mail (worn)
 c - a +0 buckler (worn)
 e - a +0 helmet (worn)
Jewellery
 n - a +6 ring of intelligence (left hand)
Wands
 A - a wand of iceblast (5)
 C - a wand of flame (28)
Scrolls
 g - 2 scrolls of identify {unknown}
 h - 4 scrolls of enchant armour {unknown}
 l - 2 scrolls of immolation {unknown}
 m - 2 scrolls of teleportation {unknown}
 o - a scroll of fear {unknown}
 q - 2 scrolls of blinking {unknown}
 v - a scroll of noise {unknown}
 x - a scroll of fog {unknown}
 y - a scroll of magic mapping {unknown}
Potions
 d - a potion of might
 f - 2 potions of heal wounds {unknown}
 i - 2 potions of mutation {unknown}
 j - a potion of attraction {unknown}
 k - 2 potions of flight {unknown}
 p - 2 potions of curing {unknown}
 r - a potion of invisibility {unknown}
 t - a potion of lignification {unknown}
 w - a potion of resistance {unknown}
 z - a potion of degeneration {unknown}
 B - a potion of haste {unknown}


   Skills:
 + Level 5.3 Fighting
 - Level 8.7 Axes
 - Level 3.2 Armour
 - Level 3.2 Shields


You had 6 spell levels left.
You didn't know any spells.
Your spell library contained the following spells:

 Spells                   Type           Power      Damage    Failure   Level
 Shock                    Conj/Air       0%         1d3       71%         1
 Ensorcelled Hibernation  Hex/Ice        0%         N/A       83%         2
 Dazzling Flash           Conj/Hex       0%         N/A       97%         3
 Gell's Gravitas          Tloc           0%         N/A       97%         3
 Spider Form              Tmut/Pois      0%         N/A       97%         3
 Swiftness                Air            0%         N/A       97%         3
 Teleport Other           Tloc           0%         N/A       97%         3
 Airstrike                Air            0%         2d(0-16)  100%        4
 Anguish                  Hex/Necr       0%         N/A       100%        4
 Animate Armour           Summ/Erth      0%         N/A       100%        4
 Agony                    Necr           0%         N/A       100%        5
 Blade Hands              Tmut           0%         N/A       100%        5
 Silence                  Hex/Air        0%         N/A       100%        5
 Dispersal                Tloc           0%         N/A       100%        6
 Iron Shot                Conj/Erth      0%         9d1       100%        6


Dungeon Overview and Level Annotations

Branches:
Dungeon (4/15)
 Temple: D:4-7

Altars:
Hepliaklqana
Nemelex Xobeh
Uskayaw
Wu Jian
The Shining One

Shops:
D:2 [   D:4 (

Annotations:
D:3 3 runed translucent doors, Nabski's ghost, amateur TeFE
D:4 Dowan; Duvessa


Message History

You slash the gnoll!
The gnoll hits you from afar with a +0 spear.
* * * LOW HITPOINT WARNING * * *
The gnoll bouda hits you with a +0 club!
* * * LOW HITPOINT WARNING * * *
You block the gnoll's attack. The gnoll barely misses you.
Okay, then.
The gnoll attacks as you move away! The gnoll hits you but does no damage.
The gnoll attacks as you move away! The gnoll barely misses you.
Okay, then.
You feel very mighty all of a sudden. The gnoll completely misses you.
You slice the gnoll!!
You kill the gnoll!
The gnoll is no longer moving quickly.
Your Fighting skill increases to level 5!
You slice the gnoll!!
You kill the gnoll!
The gnoll bouda barks out a call to the hunt!
The gnoll picks up the pace!
The gnoll hits you from afar with a +0 spear.
* * * LOW HITPOINT WARNING * * *
You have reached level 7!
The gnoll bouda hits you with a +0 club.
* * * LOW HITPOINT WARNING * * *
The gnoll closely misses you.
Things that are here:
a +0 whip; a +0 flail; a gnoll corpse You slash the gnoll bouda!
You kill the gnoll bouda!
You slash the gnoll! The gnoll hits you with a +0 spear.
* * * LOW HITPOINT WARNING * * *
You completely miss the gnoll.
The gnoll is heavily wounded.
The gnoll hits you but does no damage.
Unknown command.
You barely miss the gnoll.
The gnoll is heavily wounded.
The gnoll hits you with a +0 spear!
You die...

...####.### ##
..........#### #.
.#.#.......... #.
#..#.#....### #.
#####...#.# # #.
..######.#......# ##.#.
#......##.....#.#
#._.g#######.'.#.#..#.###
#).#)@....#........##.
#...g##########.#####)
#...## ### ##)## #.
#.$#####.# ##...## #.
#.####.#.# ##.....###. ##
##.##.###.......###
##.....##.........##
#.......'.........'.
##...####.........##


You could see a gnoll (swift).

Vanquished Creatures
  2 scorpions (D:4)
  A gnoll bouda (D:4)
  Jessica (D:2)
  Natasha (twice) (D:4)
  An orc wizard (D:3)
  2 gnolls (D:4)
  6 adders
  A shadow imp (D:3)
  A worm (D:3)
  3 dart slugs
  5 orcs (D:3)
  4 ball pythons (D:1)
  7 endoplasms
  2 giant cockroaches
  7 hobgoblins
  7 jackals
  4 quokkas
  6 bats
  9 goblins
  8 kobolds
  4 rats
83 creatures vanquished.

Vanquished Creatures (collateral kills)
  A hound (D:4)
  A gnoll (D:4)
  A jackal (D:4)
3 creatures vanquished.

Vanquished Creatures (others)
  An ancestor (D:4)
  6 fungi (D:4)
7 creatures vanquished.

Grand Total: 93 creatures vanquished

Notes
Turn   | Place    | Note
-------+----------+-------------------------------------------
     0 | D:1      | NinjaNoafa the Hill Orc Fighter began the quest for the
                  | Orb.
     0 | D:1      | Reached XP level 1. HP: 19/19 MP: 1/1
    48 | D:1      | Reached skill level 3 in Axes
   101 | D:1      | Reached XP level 2. HP: 17/26 MP: 2/2
   150 | D:1      | Reached skill level 4 in Axes
   305 | D:1      | Reached XP level 3. HP: 31/31 MP: 3/3
   390 | D:1      | Reached skill level 5 in Axes
   697 | D:2      | Found Molyakh's Armour Emporium.
   728 | D:2      | Reached XP level 4. HP: 33/39 MP: 4/4
   732 | D:2      | Noticed Jessica
   741 | D:2      | Killed Jessica
   742 | D:2      | Reached skill level 6 in Axes
   750 | D:2      | Upgraded the game from 0.30-a0-860-g512cf1e979 to
                  | 0.30-a0-862-g1aabd4f9c5
  1340 | D:3      | Found a hazy altar of Hepliaklqana.
  1354 | D:3      | Became a worshipper of Hepliaklqana the Forgotten
  1586 | D:3      | Reached XP level 5. HP: 42/45 MP: 5/5
  1773 | D:3      | Found a runed translucent gate.
  1773 | D:3      | Found a runed translucent gate.
  1793 | D:3      | Reached skill level 7 in Axes
  1796 | D:3      | Found a runed translucent gate.
  1947 | D:3      | Noticed Nabski's ghost (amateur TeFE)
  2298 | D:4      | Noticed Duvessa
  2299 | D:4      | Noticed Dowan
  2363 | D:4      | Found an ornate altar of the Wu Jian Council.
  2541 | D:4      | Reached * piety under Hepliaklqana
  2558 | D:4      | Found a sparkling altar of Nemelex Xobeh.
  2566 | D:4      | Found Muner's Weapon Boutique.
  2583 | D:4      | Reached skill level 8 in Axes
  2588 | D:4      | Reached XP level 6. HP: 45/45 MP: 6/6
  2749 | D:4      | Found a hide-covered altar of Uskayaw.
  2762 | D:4      | Noticed Natasha
  2773 | D:4      | Killed Natasha
  3336 | D:4      | Noticed Natasha
  3344 | D:4      | Killed Natasha
  3382 | D:4      | Found a glowing golden altar of the Shining One.
  3396 | D:4      | Reached skill level 5 in Fighting
  3397 | D:4      | Reached XP level 7. HP: 12/54 MP: 7/7
  3400 | D:4      | Slain by a gnoll

Illustrated notes

Levels and vault maps discovered:
D:1:      onia_arrival_handbag, layout_basic
D:2:      layout_basic, serial_shops, shop, uniq_jessica
D:3:      layout_basic, mainiacjoe_overflow_paths, gammafunk_ghost_split,
          serial_co_window_serial, co_window_paths_a, co_window_paths_b,
          co_window_paths_a, co_window_corner_a, co_window_paths_a,
          co_window_of_opportunity_b, co_window_2corner, co_window_2corner,
          co_window_broadway_b, co_window_corner_b, co_window_corner_b,
          co_window_unsneaky_path_b, glass_columns_a, glass_columns_a,
          kennysheep_generic_room_16
D:4:      layout_loops_corners, general_overflow_altar,
          nicolae_tso_swordbearing_angel, mainiacjoe_overflow_boulevard,
          lemuel_tele_altar, serial_shops, shop, chequers_jeans, uniq_natasha,
          uniq_duvessa

Skill      XL: |  1  2  3  4  5  6 |
---------------+-------------------+-----
Axes           | 3 4 5 6 8 |  8.7
Fighting       | 5 |  5.3
Armour         | |  3.2
Shields        | |  3.2

Action                     |  1- 3 |  4- 6 |  7- 9 || total
---------------------------+-------+-------+-------++-------
  Melee: War axe           |   101 |   136 |     3 ||   240
 Invoke: Ancestor Identity |       |     1 |       ||     1
    Use: Potion            |       |     2 |       ||     2
   Stab: Distracted        |       |     1 |       ||     1
 Armour: Scale mail        |    67 |    67 |     1 ||   135
  Dodge: Dodged            |    81 |    44 |     1 ||   126
  Block: Buckler           |    22 |    30 |       ||    52

Table legend: (Time is in decaauts)
 A = Elapsed time spent in this place.
 B = Non-inter-level travel time spent in this place.
 C = Inter-level travel time spent in this place.
 D = Time resting spent in this place.
 E = Time spent auto-exploring this place.
 F = Levels seen in this place.
 G = Mean time per level.
                   A        B        C        D        E       F      G
               +--------+--------+--------+--------+--------+-----+--------+
         Total |   3465 |   3337 |    128 |    239 |   1972 |   4 |  866.2 |
       Dungeon |   3465 |   3337 |    128 |    239 |   1972 |   4 |  866.2 |
               +--------+--------+--------+--------+--------+-----+--------+

Top non-repeatable levels by time:
     D:4: 1130 daAuts
     D:3: 1020 daAuts
     D:1: 662 daAuts
     D:2: 652 daAuts
